AoeStats
← VL LocoBarry

MegaRandom

508784991Analyzed
4v4 RM · 8d ago on Sep 24, 2026· 62m 29s· 8 players
Game mode
Random Map
Map size
Large (8 player)
Population
200
Speed
Normal
Resources
Standard
Victory
Conquest
Starting age
Dark Age
Ending age
Imperial Age
RankedLock teamsTeams togetherTeam positionsShared explorationLock speedFull tech treeHidden civsTurbo modeCheats
Victory
Defeat
🇨🇱 Koreans · Chile
1697
+15
🇲🇽 Burmese · Mexico
1653
+17
🇺🇸 Inca · United States
1642
+17
🇲🇽 Turks · Mexico
1440
+25
🇧🇷 Vietnamese · Brazil
1748
-22
🇵🇪 Dravidians · Peru
1736
-21
🇲🇽 Huns · Mexico
1623
-17
🇧🇷 Vikings · Brazil
1554
-14
noru
10:09 Loom
11:55 Feudal Age
14:11 Double-Bit Axe
16:35 Castle Age
14:40 Double-Bit Axe
16:56 Fletching
16:44 Crossbowman
17:48 Bow Saw
24:21 Stone Mining
24:21 Gold Mining
25:01 Ballistics
24:52 Bodkin Arrow
24:51 Town Watch
27:44 Wheelbarrow
31:25 Imperial Age
29:36 Medium Warships
32:07 Bracer
33:09 Two-Man Saw
31:51 Horse Collar
32:33 Hand Cart
33:23 Chemistry
33:58 Arbalester
34:43 Thumb Ring
35:26 Padded Archer Armor
35:31 Thumb Ring
39:22 Leather Archer Armor
40:56 Pikeman
41:37 Squires
41:38 Scale Mail Armor
41:49 Forging
41:57 Caravan
42:12 Halberdier
43:20 Chain Mail Armor
43:09 Arson
44:01 Iron Casting
44:28 Coinage
44:43 Plate Mail Armor
46:24 Blast Furnace
45:57 Banking
46:54 Conscription
46:57 Wootz Steel
Mr. M
11:15 Feudal Age
14:49 Castle Age
13:04 Double-Bit Axe
16:23 Loom
17:21 Bow Saw
19:24 Horse Collar
22:24 Fletching
22:35 Padded Archer Armor
22:20 Elite Skirmisher
23:24 Bodkin Arrow
25:25 Leather Archer Armor
25:09 Fishing Lines
33:54 Imperial Age
31:53 Scale Mail Armor
32:04 Forging
32:43 Squires
32:29 Arson
33:45 Ballistics
33:07 Treadmill Crane
33:38 Masonry
33:03 Crossbowman
34:43 Bracer
35:14 Ring Archer Armor
36:05 Chemistry
35:44 Iron Casting
37:02 Imperial Skirmisher
38:11 Conscription
37:52 Chieftains
40:23 Blast Furnace
39:39 Chain Mail Armor
39:24 Elite Varangian Guard
49:03 Caravan
51:44 Plate Mail Armor
57:46 Pikeman
Fs.Diablo
7:05 Loom
10:06 Feudal Age
10:42 Double-Bit Axe
20:41 Castle Age
19:03 Gold Mining
23:58 Fletching
23:29 Elite Skirmisher
25:12 Bodkin Arrow
27:11 Crossbowman
29:02 Padded Archer Armor
32:32 Ballistics
33:15 Wheelbarrow
40:27 Imperial Age
40:53 Bow Saw
41:42 Bracer
42:43 Chemistry
42:34 Leather Archer Armor
45:08 Ring Archer Armor
44:52 Thumb Ring
46:22 Coinage
45:53 Caravan
46:03 Guilds
46:06 Imperial Skirmisher
47:49 Banking
60:38 Hand Cart
VENÓN | BOTZANGA
9:47 Loom
11:34 Feudal Age
13:28 Double-Bit Axe
15:50 Castle Age
14:12 Horse Collar
15:25 Scale Barding Armor
16:10 Bloodlines
17:15 Gold Mining
17:46 Bow Saw
22:41 Scale Mail Armor
23:02 Chain Barding Armor
22:43 Town Watch
23:37 Fletching
24:19 Bodkin Arrow
25:16 Wheelbarrow
26:22 Chain Mail Armor
25:43 Pikeman
26:59 Squires
35:32 Imperial Age
33:42 Chain Barding Armor
34:19 Marauders
35:00 Hand Cart
35:02 Forging
34:54 Husbandry
36:23 Iron Casting
36:56 Plate Barding Armor
37:45 Light Cavalry
39:35 Blast Furnace
38:18 Elite Tarkan
39:14 Hussar
41:41 Bracer
44:19 Chemistry
44:44 Atheism
45:57 Caravan
46:17 Town Patrol
50:18 Ballistics
51:58 Padded Archer Armor
53:08 Leather Archer Armor
53:20 Parthian Tactics
53:00 Thumb Ring
56:21 Heavy Cavalry Archer
59:25 Heavy Plow
61:02 Two-Man Saw
VL JPGP
7:05 Loom
9:47 Feudal Age
11:43 Fishing Lines
15:11 Fishing Lines
18:56 Castle Age
17:57 Gold Mining
17:58 Stone Mining
18:24 Town Watch
21:03 Fletching
21:15 Padded Archer Armor
21:52 Gillnets
22:36 Horse Collar
32:57 Imperial Age
31:25 Wheelbarrow
33:21 Elite Arambai
35:16 Ballistics
35:15 Bloodlines
35:05 Husbandry
36:42 Conscription
36:26 Manipur Cavalry
37:36 Conscription
37:49 Hand Cart
38:17 Scale Barding Armor
38:22 Forging
39:13 Gold Shaft Mining
38:42 Heavy Plow
38:52 Bodkin Arrow
39:24 Chain Barding Armor
40:41 Chemistry
39:45 Bracer
41:29 Plate Barding Armor
41:31 Iron Casting
42:26 Crop Rotation
42:06 Caravan
44:26 Blast Furnace
44:17 Light Cavalry
44:52 Hussar
46:26 Block Printing
48:04 Masonry
47:34 Treadmill Crane
58:01 Town Patrol
57:36 Elite Skirmisher
VL SlenderMan
7:17 Loom
9:31 Feudal Age
13:05 Forging
13:03 Double-Bit Axe
18:07 Wheelbarrow
23:58 Castle Age
24:07 Horse Collar
24:40 Fishing Lines
28:50 Scale Mail Armor
29:04 Champi Runner
30:51 Bow Saw
32:03 Chain Mail Armor
32:02 Champi Warrior
33:53 Fletching
35:06 Squires
39:18 Imperial Age
36:45 Gillnets
36:48 Gold Mining
37:58 Heavy Plow
38:23 Hand Cart
38:10 Squires
39:25 Iron Casting
39:35 Andean Sling
40:08 Thumb Ring
39:47 Elite Skirmisher
40:59 Plate Mail Armor
41:30 Blast Furnace
40:39 Elite Champi Warrior
41:43 Bodkin Arrow
41:48 Padded Archer Armor
42:04 Arson
42:33 Fabric Shields
45:01 Conscription
45:17 Hoardings
44:44 Bracer
44:59 Leather Archer Armor
45:06 Ballistics
45:47 Chemistry
44:19 Pikeman
45:29 Halberdier
48:43 Gold Shaft Mining
47:59 Stone Mining
48:30 Capped Ram
49:30 Siege Ram
53:29 Crop Rotation
53:35 Stone Shaft Mining
58:28 Masonry
58:23 Siege Engineers
63:03 Ring Archer Armor
Jalayas
8:08 Loom
10:20 Feudal Age
12:11 Double-Bit Axe
16:33 Castle Age
15:05 Fishing Lines
15:41 Scale Barding Armor
17:08 Bloodlines
17:53 Bow Saw
17:56 Husbandry
18:58 Chain Barding Armor
19:31 Gold Mining
26:28 Wheelbarrow
28:04 Forging
29:57 Iron Casting
30:01 Gold Shaft Mining
29:17 Stone Mining
30:18 Horse Collar
36:00 Imperial Age
35:19 Hand Cart
35:16 Heavy Plow
37:23 Plate Barding Armor
37:48 Blast Furnace
40:12 Two-Man Saw
39:35 Town Watch
40:26 Padded Archer Armor
42:22 Heavy Camel Rider
43:31 Fletching
46:51 Bodkin Arrow
VL LocoBarry
10:11 Loom
12:15 Feudal Age
14:36 Double-Bit Axe
17:00 Castle Age
15:24 Fishing Lines
15:35 Gold Mining
17:00 Fletching
17:56 Bow Saw
17:47 Gillnets
23:09 Bodkin Arrow
23:58 Ballistics
24:27 Horse Collar
25:55 Wheelbarrow
28:17 Husbandry
29:11 Hand Cart
31:00 Thumb Ring
36:02 Imperial Age
36:15 Heavy Rocket Cart
36:55 Bracer
37:58 Chemistry
37:35 Conscription
38:21 Elite War Wagon
39:55 Siege Engineers
41:16 Coinage
42:20 Caravan
43:01 Masonry
44:25 Forging
44:15 Scale Mail Armor
47:21 Heavy Plow
47:57 Gold Shaft Mining
48:23 Banking
49:53 Chain Mail Armor
49:41 Squires
49:26 Arson
50:02 Pikeman
51:13 Plate Mail Armor
51:18 Iron Casting
51:15 Halberdier
54:56 Guilds
Connection lost

Rejoining the realm…

Still unreachable

The connection could not be restored.

Session expired

The server has moved on; the page needs a fresh start.